 Dungeon Crawl Stone Soup version 0.24.0-123-gd5b16e6ec5 (webtiles) character file.

Game seed: 12691737907300932927, levelgen mode: deterministic

70 Bergy the Cudgeler (level 4, 0/28 HPs)
             Began as a Gargoyle Fighter on Dec 31, 2019.
             Slain by a gnoll
             ... wielding a +0 spear
              (2 damage)
             ... on level 2 of the Dungeon.
             The game lasted 00:01:49 (801 turns).

Bergy the Cudgeler (Gargoyle Fighter)                Turns: 801, Time: 00:01:50

Health: 0/28       AC: 10    Str: 21    XL:     4   Next: 22%
Magic:  4/4        EV:  7    Int:  8    God:
Gold:   82         SH:  9    Dex:  9    Spells: 3/3 levels left

rFire    . . .     SeeInvis .   a - +0 flail
rCold    . . .     Gourm    .   c - +0 shield
rNeg     + . .     Faith    .   b - +0 scale mail
rPois    ∞         Spirit   .   (no helmet)
rElec    +         Reflect  .   (no cloak)
rCorr    .         Harm     .   (no gloves)
MR       .....                  (no boots)
Stlth    ..........             (no amulet)
HPRegen  0.09/turn              (no ring)
MPRegen  0.09/turn              (no ring)

@: no status effects
A: negative energy resistance 1, electricity resistance, unbreathing,
petrification resistance, rot immunity, AC +3
a: no special abilities


You were on level 2 of the Dungeon.
You were not hungry.

You visited 1 branch of the dungeon, and saw 2 of its levels.

You collected 82 gold pieces.

Inventory:

Hand Weapons
 a - a +0 flail (weapon)
Armour
 b - a +0 scale mail (worn)
 c - a +0 shield (worn)
Scrolls
 e - 2 scrolls of identify {unknown}
 g - a scroll of fog {unknown}
 j - 2 scrolls of immolation {unknown}
 l - 2 scrolls of teleportation {unknown}
 m - 2 scrolls of blinking {unknown}
Potions
 d - 2 potions of might
 i - a potion of curing {unknown}
 k - a potion of heal wounds {unknown}
Comestibles
 f - a ration


   Skills:
 - Level 3.2 Fighting
 * Level 4.3 Maces & Flails
 - Level 3.2 Armour
 - Level 3.2 Shields


You had 3 spell levels left.
You didn't know any spells.
Your spell library was empty.

Dungeon Overview and Level Annotations

Branches:
Dungeon (2/15)

Altars:
Wu Jian


Innate Abilities, Weirdness & Mutations

You are resistant to torment.
Your stone body is resilient. (AC +3)
You are immune to poison.
You resist negative energy. (rN+)
You are resistant to electric shocks. (rElec)
You can survive without breathing.
You are immune to petrification.
You are immune to rotting.


Message History

The gnoll hits you from afar with a +0 spear.
Your shield and scale mail prevent you from hitting the gnoll.
The gnoll hits you with a +0 spear. You block the gnoll's attack.
The gnoll hits you with a +0 spear.
* * * LOW HITPOINT WARNING * * *
Your shield and scale mail prevent you from hitting the gnoll.
The gnoll hits you but does no damage. x2
You hit the gnoll.
The gnoll is heavily wounded.
The gnoll hits you from afar with a +0 spear.
* * * LOW HITPOINT WARNING * * *
You block the gnoll's attack. The gnoll hits you but does no damage.
You hit the gnoll but do no damage.
The gnoll is heavily wounded.
The gnoll closely misses you. The gnoll hits you but does no damage.
You sock the gnoll!
The gnoll is almost dead.
The gnoll hits you but does no damage.
The gnoll hits you from afar with a +0 spear.
You die...

#.......# #.## .. #.#####.#
#... ####.. #.# #.# ####
##...#. #.# #.# # #......##
#.# #<# ## ........#
#.#####.# ##. ...?....#
#.......### ##..
..?!....#######.#....###...
........gg@........._..'...
##....#######......)####...
..... ##.......## ##.. ....
#.........# ##. ...
##.......## ## ## ##.....##
# ##...## ##.#### ### #.#..
..##


You could see 2 gnolls.

Vanquished Creatures
  2 gnolls (D:2)
  2 adders (D:2)
  2 dart slugs
  2 leopard geckos (D:1)
  A giant cockroach (D:2)
  4 goblins
  2 hobgoblins (D:1)
  4 jackals (D:1)
  2 kobolds (D:1)
  6 bats
  2 rats (D:1)
29 creatures vanquished.

Notes
Turn   | Place    | Note
-------+----------+-------------------------------------------
     0 | D:1      | Bergy the Gargoyle Fighter began the quest for the Orb.
     0 | D:1      | Reached XP level 1. HP: 14/14 MP: 1/1
    95 | D:1      | Reached XP level 2. HP: 18/19 MP: 2/2
   149 | D:1      | Reached skill level 3 in Maces & Flails
   308 | D:1      | Reached XP level 3. HP: 21/23 MP: 3/3
   684 | D:2      | Reached skill level 4 in Maces & Flails
   709 | D:2      | Found an ornate altar of the Wu Jian Council.
   791 | D:2      | Reached XP level 4. HP: 21/28 MP: 4/4
   801 | D:2      | Slain by a gnoll

Levels and vault maps discovered:
D:1:      lemuel_arrival_rhombus, layout_rooms
D:2:      layout_loops_corners, overflow_temple_1_default, serial_bayou_ford_a,
          chequers_garden

Skill      XL: |  1  2  3 |
---------------+----------+-----
Maces & Flails | 3 4 |  4.3
Fighting       | |  3.2
Armour         | |  3.2
Shields        | |  3.2

Action                   |  1- 3 |  4- 6 || total
-------------------------+-------+-------++-------
Melee: Flail             |   107 |     9 ||   116
Armor: Scale mail        |    84 |     6 ||    90
Dodge: Dodged            |    43 |     3 ||    46
Block: Shield            |    77 |     5 ||    82
